Workbook
Name kraj: Lista!$A$1:$A$66
Name kraj_skr: Lista!$B$1:$B$66
Name limit: Lista!$D$20:$D$21
Name limnewold: Lista!$D$20:$E$21
Name opoznienie: Lista!$E$1:$E$2
Name taknie: Lista!$C$1:$C$2
Name waluta: Lista!$F$2:$F$12

Sheet Lista_odbiorców
A1: LISTA ODBIORCÓW DO FAKTORINGU
A2: Załącznik do Wniosku o finansowanie - faktoring w ING Commercial Finance Polska S.A.
A3: Oświadczam(y), że w odniesieniu do Odbiorców i informacji przekazanych w "Liście odbiorców do faktoringu":
A4: 1.Z Odbiorcami nie wiążą mnie(nas) powiązania kapitałowe (bezpośrednio lub pośrednio większość udziałów) i personalne (wywieranie istotnego wpływy na kierowanie działalnością).
A5: 2. Z Odbiorcami nie wiążą nas umowy o charakterze komisowym.
A6: 3. Wyrażam(y) zgodę na przekazanie informacji dotyczących Odbiorców ubezpieczycielowi lub faktorowi zagranicznemu współpracującym z ING Commercial Finance Polska S.A. w celu rozpatrzenia wnioskowanych limitów oraz na kontakt tych podmiotów lub ING Commercial Finance Polska S.A. z Odbiorcami.
A7: 4. Tytułem wynagrodzenia ING Commercial Finance Polska S.A. zobowiązuję(emy) się do zapłaty kwoty 180 PLN powiększonej o podatek VAT, za każdy wnioskowany limit dla Odbiorcy z przejęciem ryzyka, niezależnie od decyzji dotyczącej przyznania bądź nie przyznania limitu dla Odbiorcy oraz niezależnie od nawiązania współpracy w zakresie faktoringu z ING Commercial Finance Polska S.A. Opłata nie jest pobierana w przypadku limitu z przejęciem ryzyka opartego na polisie ubezpieczeniowej Wnioskującego / Klienta.
A8: Wnioskujący / Klient: | F8: Stan na dzień: | J8: Podpis i pięczęć: | S8: Data:
A10: LO.2.2026 | I10: Suma | J10: =SUM(J14:J8813) -> 0 | K10: =SUM(K14:K8813) -> 0 | L10: =SUM(L14:L8813) -> 0
A11: Lp | B11: NIP | C11: Pełna nazwa z formą prawną | D11: Adres (ulica, nr lokalu) | E11: Kod poczt. | F11: Miejscowość | G11: Kraj | H11: E-mail do kontaktu | I11: Telefon kontaktowy | J11: Wartości brutto w PLN / dane za ostatnie 12 m-cy | N11: Przeważajacy termin płatności w dniach | O11: Występują spłaty w Split Payment | P11: Waluta rozliczeń | Q11: Wnioskowany limit w walucie faktur | R11: Rodzaj limitu | S11: Okres współpracy [miesiące] | T11: Pisemna umowa handlowa / umowa o współpracy z odbiorcą | U11: Umowny zakaz albo ograniczenie przelewu wierzytelności | V11: Cesja na inny podmiot lub zabezpieczenie kredytu
J12: Aktualne saldo należności | K12: Wartość sprzedaży (bez korekt) | L12: Wartość potrąceń (korekty i kompensaty) | M12: Opóźnienie ponad 60 dni i powyżej 4.000 PLN
B13: debtorNip | C13: debtorName | D13: Address | E13: ZipCode | F13: City | G13: Country | I13: Phone | J13: ReceivablesBalance | K13: Sales | L13: Deductions | M13: PaymentOverdue60Days | N13: AppliedPaymentTerm | O13: SplitPayment | P13: InvoiceCurrency | Q13: RequestedLimit | R13: FactoringType | S13: CooperationPeriod | T13: CommercialContract | U13: AssignmentBanOrReservation | V13: AssignmentToAnotherEntity
A14: 1
A15: 2
A16: 3
A17: 4
A18: 5
A19: 6
A20: 7
A21: 8
A22: 9
A23: 10
A24: 11
A25: 12
... A113: 100

Sheet Lista
A1: POLSKA | B1: PL | C1: Tak | E1: Tak
A2: NIEMCY | B2: DE | C2: Nie | E2: Nie | F2: PLN
A3: ANGLIA | B3: GB | F3: EUR
A4: LITWA | B4: LT | F4: EUR, VAT w PLN
A5: SŁOWACJA | B5: SK | F5: GBP
A6: SZWECJA | B6: SE | F6: USD
A7: RUMUNIA | B7: RO | F7: DKK
A8: FRANCJA | B8: FR | F8: SEK
A9: CZECHY | B9: CZ | F9: CZK
A10: WĘGRY | B10: HU | F10: CHF
A11: WŁOCHY | B11: IT | F11: NOK
A12: SZWAJCARIA | B12: CH | F12: HUF
A13: ROSJA | B13: RU
A14: ŁOTWA | B14: LV
A15: HOLANDIA | B15: NL
A16: FINLANDIA | B16: FI
A17: AUSTRIA | B17: AT
A18: BELGIA | B18: BE
A19: ESTONIA | B19: EE
A20: CHORWACJA | B20: HR | D20: bez przejęcia ryzyka | E20: z regresem (niepełny)
A21: GRECJA | B21: EL | D21: z przejęciem ryzyka | E21: bez regresu (pełny)
A22: HISZPANIA | B22: ES
A23: BUŁGARIA | B23: BG
A24: CHINY | B24: CN
A25: DANIA | B25: DK
A26: CYPR | B26: CY
A27: IRLANDIA | B27: IE
A28: LIECHTENSTEIN | B28: LI
A29: LUXEMBURG | B29: LU
A30: NORWEGIA | B30: NO
A31: PORTUGALIA | B31: PT
A32: UKRAINA | B32: UA
A33: AUSTRALIA | B33: AU
... A66: REP.POŁUD.AFRYKI | B66: ZA

Sheet LO_T_odb
A1: =IF(Lista_odbiorców!B14="","",SUBSTITUTE(SUBSTITUTE(SUBSTITUTE(SUBSTITUTE(SUBSTITUTE(SUBSTITUTE(UPPER(Lista_odbiorców!B14),"""",),"„",),"”",),";",)," ",),"-",)) | B1: =IF(Lista_odbiorców!C14="","",SUBSTITUTE(SUBSTITUTE(SUBSTITUTE(SUBSTITUTE(TRIM(UPPER(Lista_odbiorców!C14)),"""",),"„",),"”",),";",)) | C1: =IF(Lista_odbiorców!D14="","",SUBSTITUTE(SUBSTITUTE(SUBSTITUTE(SUBSTITUTE(TRIM(UPPER(Lista_odbiorców!D14)),"""",),"„",),"”",),";",)) | D1: =IF(Lista_odbiorców!E14="","",SUBSTITUTE(SUBSTITUTE(SUBSTITUTE(SUBSTITUTE(TRIM(UPPER(Lista_odbiorców!E14)),"""",),"„",),"”",),";",)) | E1: =IF(Lista_odbiorców!F14="","",SUBSTITUTE(SUBSTITUTE(SUBSTITUTE(SUBSTITUTE(TRIM(UPPER(Lista_odbiorców!F14)),"""",),"„",),"”",),";",)) | F1: =IF(Lista_odbiorców!G14="","",Lista_odbiorców!G14) | G1: =IF(Lista_odbiorców!I14="","",SUBSTITUTE(SUBSTITUTE(SUBSTITUTE(SUBSTITUTE(Lista_odbiorców!I14,"""",),"„",),"”",),";",)) | H1: =IF(Lista_odbiorców!P14="","",SUBSTITUTE(UPPER(Lista_odbiorców!P14),"EUR, VAT W PLN","EUR",1)) | I1: =IF(Lista_odbiorców!J14="","",Lista_odbiorców!J14) | J1: =IF(Lista_odbiorców!K14="","",Lista_odbiorców!K14) | K1: =IF(Lista_odbiorców!L14="","",Lista_odbiorców!L14) | L1: =IF(Lista_odbiorców!B14="","",0) | M1: =IF(Lista_odbiorców!M14="","",Lista_odbiorców!M14) | N1: =IF(Lista_odbiorców!Q14="","",Lista_odbiorców!Q14) | O1: =IF(Lista_odbiorców!S14="","",Lista_odbiorców!S14) | P1: =IF(Lista_odbiorców!T14="","",Lista_odbiorców!T14) | Q1: =IF(Lista_odbiorców!U14="","",Lista_odbiorców!U14) | R1: =IF(Lista_odbiorców!V14="","",Lista_odbiorców!V14) | S1: =IF(Lista_odbiorców!B14="","","nie") | T1: =IF(Lista_odbiorców!N14="","",Lista_odbiorców!N14) | U1: =IF(Lista_odbiorców!R14="","",VLOOKUP(Lista_odbiorców!R14,limnewold,2,FALSE))
A2: =IF(Lista_odbiorców!B15="","",SUBSTITUTE(SUBSTITUTE(SUBSTITUTE(SUBSTITUTE(SUBSTITUTE(SUBSTITUTE(UPPER(Lista_odbiorców!B15),"""",),"„",),"”",),";",)," ",),"-",)) | B2: =IF(Lista_odbiorców!C15="","",SUBSTITUTE(SUBSTITUTE(SUBSTITUTE(SUBSTITUTE(TRIM(UPPER(Lista_odbiorców!C15)),"""",),"„",),"”",),";",)) | C2: =IF(Lista_odbiorców!D15="","",SUBSTITUTE(SUBSTITUTE(SUBSTITUTE(SUBSTITUTE(TRIM(UPPER(Lista_odbiorców!D15)),"""",),"„",),"”",),";",)) | D2: =IF(Lista_odbiorców!E15="","",SUBSTITUTE(SUBSTITUTE(SUBSTITUTE(SUBSTITUTE(TRIM(UPPER(Lista_odbiorców!E15)),"""",),"„",),"”",),";",)) | E2: =IF(Lista_odbiorców!F15="","",SUBSTITUTE(SUBSTITUTE(SUBSTITUTE(SUBSTITUTE(TRIM(UPPER(Lista_odbiorców!F15)),"""",),"„",),"”",),";",)) | F2: =IF(Lista_odbiorców!G15="","",Lista_odbiorców!G15) | G2: =IF(Lista_odbiorców!I15="","",SUBSTITUTE(SUBSTITUTE(SUBSTITUTE(SUBSTITUTE(Lista_odbiorców!I15,"""",),"„",),"”",),";",)) | H2: =IF(Lista_odbiorców!P15="","",SUBSTITUTE(UPPER(Lista_odbiorców!P15),"EUR, VAT W PLN","EUR",1)) | I2: =IF(Lista_odbiorców!J15="","",Lista_odbiorców!J15) | J2: =IF(Lista_odbiorców!K15="","",Lista_odbiorców!K15) | K2: =IF(Lista_odbiorców!L15="","",Lista_odbiorców!L15) | L2: =IF(Lista_odbiorców!B15="","",0) | M2: =IF(Lista_odbiorców!M15="","",Lista_odbiorców!M15) | N2: =IF(Lista_odbiorców!Q15="","",Lista_odbiorców!Q15) | O2: =IF(Lista_odbiorców!S15="","",Lista_odbiorców!S15) | P2: =IF(Lista_odbiorców!T15="","",Lista_odbiorców!T15) | Q2: =IF(Lista_odbiorców!U15="","",Lista_odbiorców!U15) | R2: =IF(Lista_odbiorców!V15="","",Lista_odbiorców!V15) | S2: =IF(Lista_odbiorców!B15="","","nie") | T2: =IF(Lista_odbiorców!N15="","",Lista_odbiorców!N15) | U2: =IF(Lista_odbiorców!R15="","",VLOOKUP(Lista_odbiorców!R15,limnewold,2,FALSE))
A3: =IF(Lista_odbiorców!B16="","",SUBSTITUTE(SUBSTITUTE(SUBSTITUTE(SUBSTITUTE(SUBSTITUTE(SUBSTITUTE(UPPER(Lista_odbiorców!B16),"""",),"„",),"”",),";",)," ",),"-",)) | B3: =IF(Lista_odbiorców!C16="","",SUBSTITUTE(SUBSTITUTE(SUBSTITUTE(SUBSTITUTE(TRIM(UPPER(Lista_odbiorców!C16)),"""",),"„",),"”",),";",)) | C3: =IF(Lista_odbiorców!D16="","",SUBSTITUTE(SUBSTITUTE(SUBSTITUTE(SUBSTITUTE(TRIM(UPPER(Lista_odbiorców!D16)),"""",),"„",),"”",),";",)) | D3: =IF(Lista_odbiorców!E16="","",SUBSTITUTE(SUBSTITUTE(SUBSTITUTE(SUBSTITUTE(TRIM(UPPER(Lista_odbiorców!E16)),"""",),"„",),"”",),";",)) | E3: =IF(Lista_odbiorców!F16="","",SUBSTITUTE(SUBSTITUTE(SUBSTITUTE(SUBSTITUTE(TRIM(UPPER(Lista_odbiorców!F16)),"""",),"„",),"”",),";",)) | F3: =IF(Lista_odbiorców!G16="","",Lista_odbiorców!G16) | G3: =IF(Lista_odbiorców!I16="","",SUBSTITUTE(SUBSTITUTE(SUBSTITUTE(SUBSTITUTE(Lista_odbiorców!I16,"""",),"„",),"”",),";",)) | H3: =IF(Lista_odbiorców!P16="","",SUBSTITUTE(UPPER(Lista_odbiorców!P16),"EUR, VAT W PLN","EUR",1)) | I3: =IF(Lista_odbiorców!J16="","",Lista_odbiorców!J16) | J3: =IF(Lista_odbiorców!K16="","",Lista_odbiorców!K16) | K3: =IF(Lista_odbiorców!L16="","",Lista_odbiorców!L16) | L3: =IF(Lista_odbiorców!B16="","",0) | M3: =IF(Lista_odbiorców!M16="","",Lista_odbiorców!M16) | N3: =IF(Lista_odbiorców!Q16="","",Lista_odbiorców!Q16) | O3: =IF(Lista_odbiorców!S16="","",Lista_odbiorców!S16) | P3: =IF(Lista_odbiorców!T16="","",Lista_odbiorców!T16) | Q3: =IF(Lista_odbiorców!U16="","",Lista_odbiorców!U16) | R3: =IF(Lista_odbiorców!V16="","",Lista_odbiorców!V16) | S3: =IF(Lista_odbiorców!B16="","","nie") | T3: =IF(Lista_odbiorców!N16="","",Lista_odbiorców!N16) | U3: =IF(Lista_odbiorców!R16="","",VLOOKUP(Lista_odbiorców!R16,limnewold,2,FALSE))
A4: =IF(Lista_odbiorców!B17="","",SUBSTITUTE(SUBSTITUTE(SUBSTITUTE(SUBSTITUTE(SUBSTITUTE(SUBSTITUTE(UPPER(Lista_odbiorców!B17),"""",),"„",),"”",),";",)," ",),"-",)) | B4: =IF(Lista_odbiorców!C17="","",SUBSTITUTE(SUBSTITUTE(SUBSTITUTE(SUBSTITUTE(TRIM(UPPER(Lista_odbiorców!C17)),"""",),"„",),"”",),";",)) | C4: =IF(Lista_odbiorców!D17="","",SUBSTITUTE(SUBSTITUTE(SUBSTITUTE(SUBSTITUTE(TRIM(UPPER(Lista_odbiorców!D17)),"""",),"„",),"”",),";",)) | D4: =IF(Lista_odbiorców!E17="","",SUBSTITUTE(SUBSTITUTE(SUBSTITUTE(SUBSTITUTE(TRIM(UPPER(Lista_odbiorców!E17)),"""",),"„",),"”",),";",)) | E4: =IF(Lista_odbiorców!F17="","",SUBSTITUTE(SUBSTITUTE(SUBSTITUTE(SUBSTITUTE(TRIM(UPPER(Lista_odbiorców!F17)),"""",),"„",),"”",),";",)) | F4: =IF(Lista_odbiorców!G17="","",Lista_odbiorców!G17) | G4: =IF(Lista_odbiorców!I17="","",SUBSTITUTE(SUBSTITUTE(SUBSTITUTE(SUBSTITUTE(Lista_odbiorców!I17,"""",),"„",),"”",),";",)) | H4: =IF(Lista_odbiorców!P17="","",SUBSTITUTE(UPPER(Lista_odbiorców!P17),"EUR, VAT W PLN","EUR",1)) | I4: =IF(Lista_odbiorców!J17="","",Lista_odbiorców!J17) | J4: =IF(Lista_odbiorców!K17="","",Lista_odbiorców!K17) | K4: =IF(Lista_odbiorców!L17="","",Lista_odbiorców!L17) | L4: =IF(Lista_odbiorców!B17="","",0) | M4: =IF(Lista_odbiorców!M17="","",Lista_odbiorców!M17) | N4: =IF(Lista_odbiorców!Q17="","",Lista_odbiorców!Q17) | O4: =IF(Lista_odbiorców!S17="","",Lista_odbiorców!S17) | P4: =IF(Lista_odbiorców!T17="","",Lista_odbiorców!T17) | Q4: =IF(Lista_odbiorców!U17="","",Lista_odbiorców!U17) | R4: =IF(Lista_odbiorców!V17="","",Lista_odbiorców!V17) | S4: =IF(Lista_odbiorców!B17="","","nie") | T4: =IF(Lista_odbiorców!N17="","",Lista_odbiorców!N17) | U4: =IF(Lista_odbiorców!R17="","",VLOOKUP(Lista_odbiorców!R17,limnewold,2,FALSE))
A5: =IF(Lista_odbiorców!B18="","",SUBSTITUTE(SUBSTITUTE(SUBSTITUTE(SUBSTITUTE(SUBSTITUTE(SUBSTITUTE(UPPER(Lista_odbiorców!B18),"""",),"„",),"”",),";",)," ",),"-",)) | B5: =IF(Lista_odbiorców!C18="","",SUBSTITUTE(SUBSTITUTE(SUBSTITUTE(SUBSTITUTE(TRIM(UPPER(Lista_odbiorców!C18)),"""",),"„",),"”",),";",)) | C5: =IF(Lista_odbiorców!D18="","",SUBSTITUTE(SUBSTITUTE(SUBSTITUTE(SUBSTITUTE(TRIM(UPPER(Lista_odbiorców!D18)),"""",),"„",),"”",),";",)) | D5: =IF(Lista_odbiorców!E18="","",SUBSTITUTE(SUBSTITUTE(SUBSTITUTE(SUBSTITUTE(TRIM(UPPER(Lista_odbiorców!E18)),"""",),"„",),"”",),";",)) | E5: =IF(Lista_odbiorców!F18="","",SUBSTITUTE(SUBSTITUTE(SUBSTITUTE(SUBSTITUTE(TRIM(UPPER(Lista_odbiorców!F18)),"""",),"„",),"”",),";",)) | F5: =IF(Lista_odbiorców!G18="","",Lista_odbiorców!G18) | G5: =IF(Lista_odbiorców!I18="","",SUBSTITUTE(SUBSTITUTE(SUBSTITUTE(SUBSTITUTE(Lista_odbiorców!I18,"""",),"„",),"”",),";",)) | H5: =IF(Lista_odbiorców!P18="","",SUBSTITUTE(UPPER(Lista_odbiorców!P18),"EUR, VAT W PLN","EUR",1)) | I5: =IF(Lista_odbiorców!J18="","",Lista_odbiorców!J18) | J5: =IF(Lista_odbiorców!K18="","",Lista_odbiorców!K18) | K5: =IF(Lista_odbiorców!L18="","",Lista_odbiorców!L18) | L5: =IF(Lista_odbiorców!B18="","",0) | M5: =IF(Lista_odbiorców!M18="","",Lista_odbiorców!M18) | N5: =IF(Lista_odbiorców!Q18="","",Lista_odbiorców!Q18) | O5: =IF(Lista_odbiorców!S18="","",Lista_odbiorców!S18) | P5: =IF(Lista_odbiorców!T18="","",Lista_odbiorców!T18) | Q5: =IF(Lista_odbiorców!U18="","",Lista_odbiorców!U18) | R5: =IF(Lista_odbiorców!V18="","",Lista_odbiorców!V18) | S5: =IF(Lista_odbiorców!B18="","","nie") | T5: =IF(Lista_odbiorców!N18="","",Lista_odbiorców!N18) | U5: =IF(Lista_odbiorców!R18="","",VLOOKUP(Lista_odbiorców!R18,limnewold,2,FALSE))
A6: =IF(Lista_odbiorców!B19="","",SUBSTITUTE(SUBSTITUTE(SUBSTITUTE(SUBSTITUTE(SUBSTITUTE(SUBSTITUTE(UPPER(Lista_odbiorców!B19),"""",),"„",),"”",),";",)," ",),"-",)) | B6: =IF(Lista_odbiorców!C19="","",SUBSTITUTE(SUBSTITUTE(SUBSTITUTE(SUBSTITUTE(TRIM(UPPER(Lista_odbiorców!C19)),"""",),"„",),"”",),";",)) | C6: =IF(Lista_odbiorców!D19="","",SUBSTITUTE(SUBSTITUTE(SUBSTITUTE(SUBSTITUTE(TRIM(UPPER(Lista_odbiorców!D19)),"""",),"„",),"”",),";",)) | D6: =IF(Lista_odbiorców!E19="","",SUBSTITUTE(SUBSTITUTE(SUBSTITUTE(SUBSTITUTE(TRIM(UPPER(Lista_odbiorców!E19)),"""",),"„",),"”",),";",)) | E6: =IF(Lista_odbiorców!F19="","",SUBSTITUTE(SUBSTITUTE(SUBSTITUTE(SUBSTITUTE(TRIM(UPPER(Lista_odbiorców!F19)),"""",),"„",),"”",),";",)) | F6: =IF(Lista_odbiorców!G19="","",Lista_odbiorców!G19) | G6: =IF(Lista_odbiorców!I19="","",SUBSTITUTE(SUBSTITUTE(SUBSTITUTE(SUBSTITUTE(Lista_odbiorców!I19,"""",),"„",),"”",),";",)) | H6: =IF(Lista_odbiorców!P19="","",SUBSTITUTE(UPPER(Lista_odbiorców!P19),"EUR, VAT W PLN","EUR",1)) | I6: =IF(Lista_odbiorców!J19="","",Lista_odbiorców!J19) | J6: =IF(Lista_odbiorców!K19="","",Lista_odbiorców!K19) | K6: =IF(Lista_odbiorców!L19="","",Lista_odbiorców!L19) | L6: =IF(Lista_odbiorców!B19="","",0) | M6: =IF(Lista_odbiorców!M19="","",Lista_odbiorców!M19) | N6: =IF(Lista_odbiorców!Q19="","",Lista_odbiorców!Q19) | O6: =IF(Lista_odbiorców!S19="","",Lista_odbiorców!S19) | P6: =IF(Lista_odbiorców!T19="","",Lista_odbiorców!T19) | Q6: =IF(Lista_odbiorców!U19="","",Lista_odbiorców!U19) | R6: =IF(Lista_odbiorców!V19="","",Lista_odbiorców!V19) | S6: =IF(Lista_odbiorców!B19="","","nie") | T6: =IF(Lista_odbiorców!N19="","",Lista_odbiorców!N19) | U6: =IF(Lista_odbiorców!R19="","",VLOOKUP(Lista_odbiorców!R19,limnewold,2,FALSE))
A7: =IF(Lista_odbiorców!B20="","",SUBSTITUTE(SUBSTITUTE(SUBSTITUTE(SUBSTITUTE(SUBSTITUTE(SUBSTITUTE(UPPER(Lista_odbiorców!B20),"""",),"„",),"”",),";",)," ",),"-",)) | B7: =IF(Lista_odbiorców!C20="","",SUBSTITUTE(SUBSTITUTE(SUBSTITUTE(SUBSTITUTE(TRIM(UPPER(Lista_odbiorców!C20)),"""",),"„",),"”",),";",)) | C7: =IF(Lista_odbiorców!D20="","",SUBSTITUTE(SUBSTITUTE(SUBSTITUTE(SUBSTITUTE(TRIM(UPPER(Lista_odbiorców!D20)),"""",),"„",),"”",),";",)) | D7: =IF(Lista_odbiorców!E20="","",SUBSTITUTE(SUBSTITUTE(SUBSTITUTE(SUBSTITUTE(TRIM(UPPER(Lista_odbiorców!E20)),"""",),"„",),"”",),";",)) | E7: =IF(Lista_odbiorców!F20="","",SUBSTITUTE(SUBSTITUTE(SUBSTITUTE(SUBSTITUTE(TRIM(UPPER(Lista_odbiorców!F20)),"""",),"„",),"”",),";",)) | F7: =IF(Lista_odbiorców!G20="","",Lista_odbiorców!G20) | G7: =IF(Lista_odbiorców!I20="","",SUBSTITUTE(SUBSTITUTE(SUBSTITUTE(SUBSTITUTE(Lista_odbiorców!I20,"""",),"„",),"”",),";",)) | H7: =IF(Lista_odbiorców!P20="","",SUBSTITUTE(UPPER(Lista_odbiorców!P20),"EUR, VAT W PLN","EUR",1)) | I7: =IF(Lista_odbiorców!J20="","",Lista_odbiorców!J20) | J7: =IF(Lista_odbiorców!K20="","",Lista_odbiorców!K20) | K7: =IF(Lista_odbiorców!L20="","",Lista_odbiorców!L20) | L7: =IF(Lista_odbiorców!B20="","",0) | M7: =IF(Lista_odbiorców!M20="","",Lista_odbiorców!M20) | N7: =IF(Lista_odbiorców!Q20="","",Lista_odbiorców!Q20) | O7: =IF(Lista_odbiorców!S20="","",Lista_odbiorców!S20) | P7: =IF(Lista_odbiorców!T20="","",Lista_odbiorców!T20) | Q7: =IF(Lista_odbiorców!U20="","",Lista_odbiorców!U20) | R7: =IF(Lista_odbiorców!V20="","",Lista_odbiorców!V20) | S7: =IF(Lista_odbiorców!B20="","","nie") | T7: =IF(Lista_odbiorców!N20="","",Lista_odbiorców!N20) | U7: =IF(Lista_odbiorców!R20="","",VLOOKUP(Lista_odbiorców!R20,limnewold,2,FALSE))
A8: =IF(Lista_odbiorców!B21="","",SUBSTITUTE(SUBSTITUTE(SUBSTITUTE(SUBSTITUTE(SUBSTITUTE(SUBSTITUTE(UPPER(Lista_odbiorców!B21),"""",),"„",),"”",),";",)," ",),"-",)) | B8: =IF(Lista_odbiorców!C21="","",SUBSTITUTE(SUBSTITUTE(SUBSTITUTE(SUBSTITUTE(TRIM(UPPER(Lista_odbiorców!C21)),"""",),"„",),"”",),";",)) | C8: =IF(Lista_odbiorców!D21="","",SUBSTITUTE(SUBSTITUTE(SUBSTITUTE(SUBSTITUTE(TRIM(UPPER(Lista_odbiorców!D21)),"""",),"„",),"”",),";",)) | D8: =IF(Lista_odbiorców!E21="","",SUBSTITUTE(SUBSTITUTE(SUBSTITUTE(SUBSTITUTE(TRIM(UPPER(Lista_odbiorców!E21)),"""",),"„",),"”",),";",)) | E8: =IF(Lista_odbiorców!F21="","",SUBSTITUTE(SUBSTITUTE(SUBSTITUTE(SUBSTITUTE(TRIM(UPPER(Lista_odbiorców!F21)),"""",),"„",),"”",),";",)) | F8: =IF(Lista_odbiorców!G21="","",Lista_odbiorców!G21) | G8: =IF(Lista_odbiorców!I21="","",SUBSTITUTE(SUBSTITUTE(SUBSTITUTE(SUBSTITUTE(Lista_odbiorców!I21,"""",),"„",),"”",),";",)) | H8: =IF(Lista_odbiorców!P21="","",SUBSTITUTE(UPPER(Lista_odbiorców!P21),"EUR, VAT W PLN","EUR",1)) | I8: =IF(Lista_odbiorców!J21="","",Lista_odbiorców!J21) | J8: =IF(Lista_odbiorców!K21="","",Lista_odbiorców!K21) | K8: =IF(Lista_odbiorców!L21="","",Lista_odbiorców!L21) | L8: =IF(Lista_odbiorców!B21="","",0) | M8: =IF(Lista_odbiorców!M21="","",Lista_odbiorców!M21) | N8: =IF(Lista_odbiorców!Q21="","",Lista_odbiorców!Q21) | O8: =IF(Lista_odbiorców!S21="","",Lista_odbiorców!S21) | P8: =IF(Lista_odbiorców!T21="","",Lista_odbiorców!T21) | Q8: =IF(Lista_odbiorców!U21="","",Lista_odbiorców!U21) | R8: =IF(Lista_odbiorców!V21="","",Lista_odbiorców!V21) | S8: =IF(Lista_odbiorców!B21="","","nie") | T8: =IF(Lista_odbiorców!N21="","",Lista_odbiorców!N21) | U8: =IF(Lista_odbiorców!R21="","",VLOOKUP(Lista_odbiorców!R21,limnewold,2,FALSE))
A9: =IF(Lista_odbiorców!B22="","",SUBSTITUTE(SUBSTITUTE(SUBSTITUTE(SUBSTITUTE(SUBSTITUTE(SUBSTITUTE(UPPER(Lista_odbiorców!B22),"""",),"„",),"”",),";",)," ",),"-",)) | B9: =IF(Lista_odbiorców!C22="","",SUBSTITUTE(SUBSTITUTE(SUBSTITUTE(SUBSTITUTE(TRIM(UPPER(Lista_odbiorców!C22)),"""",),"„",),"”",),";",)) | C9: =IF(Lista_odbiorców!D22="","",SUBSTITUTE(SUBSTITUTE(SUBSTITUTE(SUBSTITUTE(TRIM(UPPER(Lista_odbiorców!D22)),"""",),"„",),"”",),";",)) | D9: =IF(Lista_odbiorców!E22="","",SUBSTITUTE(SUBSTITUTE(SUBSTITUTE(SUBSTITUTE(TRIM(UPPER(Lista_odbiorców!E22)),"""",),"„",),"”",),";",)) | E9: =IF(Lista_odbiorców!F22="","",SUBSTITUTE(SUBSTITUTE(SUBSTITUTE(SUBSTITUTE(TRIM(UPPER(Lista_odbiorców!F22)),"""",),"„",),"”",),";",)) | F9: =IF(Lista_odbiorców!G22="","",Lista_odbiorców!G22) | G9: =IF(Lista_odbiorców!I22="","",SUBSTITUTE(SUBSTITUTE(SUBSTITUTE(SUBSTITUTE(Lista_odbiorców!I22,"""",),"„",),"”",),";",)) | H9: =IF(Lista_odbiorców!P22="","",SUBSTITUTE(UPPER(Lista_odbiorców!P22),"EUR, VAT W PLN","EUR",1)) | I9: =IF(Lista_odbiorców!J22="","",Lista_odbiorców!J22) | J9: =IF(Lista_odbiorców!K22="","",Lista_odbiorców!K22) | K9: =IF(Lista_odbiorców!L22="","",Lista_odbiorców!L22) | L9: =IF(Lista_odbiorców!B22="","",0) | M9: =IF(Lista_odbiorców!M22="","",Lista_odbiorców!M22) | N9: =IF(Lista_odbiorców!Q22="","",Lista_odbiorców!Q22) | O9: =IF(Lista_odbiorców!S22="","",Lista_odbiorców!S22) | P9: =IF(Lista_odbiorców!T22="","",Lista_odbiorców!T22) | Q9: =IF(Lista_odbiorców!U22="","",Lista_odbiorców!U22) | R9: =IF(Lista_odbiorców!V22="","",Lista_odbiorców!V22) | S9: =IF(Lista_odbiorców!B22="","","nie") | T9: =IF(Lista_odbiorców!N22="","",Lista_odbiorców!N22) | U9: =IF(Lista_odbiorców!R22="","",VLOOKUP(Lista_odbiorców!R22,limnewold,2,FALSE))
A10: =IF(Lista_odbiorców!B23="","",SUBSTITUTE(SUBSTITUTE(SUBSTITUTE(SUBSTITUTE(SUBSTITUTE(SUBSTITUTE(UPPER(Lista_odbiorców!B23),"""",),"„",),"”",),";",)," ",),"-",)) | B10: =IF(Lista_odbiorców!C23="","",SUBSTITUTE(SUBSTITUTE(SUBSTITUTE(SUBSTITUTE(TRIM(UPPER(Lista_odbiorców!C23)),"""",),"„",),"”",),";",)) | C10: =IF(Lista_odbiorców!D23="","",SUBSTITUTE(SUBSTITUTE(SUBSTITUTE(SUBSTITUTE(TRIM(UPPER(Lista_odbiorców!D23)),"""",),"„",),"”",),";",)) | D10: =IF(Lista_odbiorców!E23="","",SUBSTITUTE(SUBSTITUTE(SUBSTITUTE(SUBSTITUTE(TRIM(UPPER(Lista_odbiorców!E23)),"""",),"„",),"”",),";",)) | E10: =IF(Lista_odbiorców!F23="","",SUBSTITUTE(SUBSTITUTE(SUBSTITUTE(SUBSTITUTE(TRIM(UPPER(Lista_odbiorców!F23)),"""",),"„",),"”",),";",)) | F10: =IF(Lista_odbiorców!G23="","",Lista_odbiorców!G23) | G10: =IF(Lista_odbiorców!I23="","",SUBSTITUTE(SUBSTITUTE(SUBSTITUTE(SUBSTITUTE(Lista_odbiorców!I23,"""",),"„",),"”",),";",)) | H10: =IF(Lista_odbiorców!P23="","",SUBSTITUTE(UPPER(Lista_odbiorców!P23),"EUR, VAT W PLN","EUR",1)) | I10: =IF(Lista_odbiorców!J23="","",Lista_odbiorców!J23) | J10: =IF(Lista_odbiorców!K23="","",Lista_odbiorców!K23) | K10: =IF(Lista_odbiorców!L23="","",Lista_odbiorców!L23) | L10: =IF(Lista_odbiorców!B23="","",0) | M10: =IF(Lista_odbiorców!M23="","",Lista_odbiorców!M23) | N10: =IF(Lista_odbiorców!Q23="","",Lista_odbiorców!Q23) | O10: =IF(Lista_odbiorców!S23="","",Lista_odbiorców!S23) | P10: =IF(Lista_odbiorców!T23="","",Lista_odbiorców!T23) | Q10: =IF(Lista_odbiorców!U23="","",Lista_odbiorców!U23) | R10: =IF(Lista_odbiorców!V23="","",Lista_odbiorców!V23) | S10: =IF(Lista_odbiorców!B23="","","nie") | T10: =IF(Lista_odbiorców!N23="","",Lista_odbiorców!N23) | U10: =IF(Lista_odbiorców!R23="","",VLOOKUP(Lista_odbiorców!R23,limnewold,2,FALSE))
A11: =IF(Lista_odbiorców!B24="","",SUBSTITUTE(SUBSTITUTE(SUBSTITUTE(SUBSTITUTE(SUBSTITUTE(SUBSTITUTE(UPPER(Lista_odbiorców!B24),"""",),"„",),"”",),";",)," ",),"-",)) | B11: =IF(Lista_odbiorców!C24="","",SUBSTITUTE(SUBSTITUTE(SUBSTITUTE(SUBSTITUTE(TRIM(UPPER(Lista_odbiorców!C24)),"""",),"„",),"”",),";",)) | C11: =IF(Lista_odbiorców!D24="","",SUBSTITUTE(SUBSTITUTE(SUBSTITUTE(SUBSTITUTE(TRIM(UPPER(Lista_odbiorców!D24)),"""",),"„",),"”",),";",)) | D11: =IF(Lista_odbiorców!E24="","",SUBSTITUTE(SUBSTITUTE(SUBSTITUTE(SUBSTITUTE(TRIM(UPPER(Lista_odbiorców!E24)),"""",),"„",),"”",),";",)) | E11: =IF(Lista_odbiorców!F24="","",SUBSTITUTE(SUBSTITUTE(SUBSTITUTE(SUBSTITUTE(TRIM(UPPER(Lista_odbiorców!F24)),"""",),"„",),"”",),";",)) | F11: =IF(Lista_odbiorców!G24="","",Lista_odbiorców!G24) | G11: =IF(Lista_odbiorców!I24="","",SUBSTITUTE(SUBSTITUTE(SUBSTITUTE(SUBSTITUTE(Lista_odbiorców!I24,"""",),"„",),"”",),";",)) | H11: =IF(Lista_odbiorców!P24="","",SUBSTITUTE(UPPER(Lista_odbiorców!P24),"EUR, VAT W PLN","EUR",1)) | I11: =IF(Lista_odbiorców!J24="","",Lista_odbiorców!J24) | J11: =IF(Lista_odbiorców!K24="","",Lista_odbiorców!K24) | K11: =IF(Lista_odbiorców!L24="","",Lista_odbiorców!L24) | L11: =IF(Lista_odbiorców!B24="","",0) | M11: =IF(Lista_odbiorców!M24="","",Lista_odbiorców!M24) | N11: =IF(Lista_odbiorców!Q24="","",Lista_odbiorców!Q24) | O11: =IF(Lista_odbiorców!S24="","",Lista_odbiorców!S24) | P11: =IF(Lista_odbiorców!T24="","",Lista_odbiorców!T24) | Q11: =IF(Lista_odbiorców!U24="","",Lista_odbiorców!U24) | R11: =IF(Lista_odbiorców!V24="","",Lista_odbiorców!V24) | S11: =IF(Lista_odbiorców!B24="","","nie") | T11: =IF(Lista_odbiorców!N24="","",Lista_odbiorców!N24) | U11: =IF(Lista_odbiorców!R24="","",VLOOKUP(Lista_odbiorców!R24,limnewold,2,FALSE))
A12: =IF(Lista_odbiorców!B25="","",SUBSTITUTE(SUBSTITUTE(SUBSTITUTE(SUBSTITUTE(SUBSTITUTE(SUBSTITUTE(UPPER(Lista_odbiorców!B25),"""",),"„",),"”",),";",)," ",),"-",)) | B12: =IF(Lista_odbiorców!C25="","",SUBSTITUTE(SUBSTITUTE(SUBSTITUTE(SUBSTITUTE(TRIM(UPPER(Lista_odbiorców!C25)),"""",),"„",),"”",),";",)) | C12: =IF(Lista_odbiorców!D25="","",SUBSTITUTE(SUBSTITUTE(SUBSTITUTE(SUBSTITUTE(TRIM(UPPER(Lista_odbiorców!D25)),"""",),"„",),"”",),";",)) | D12: =IF(Lista_odbiorców!E25="","",SUBSTITUTE(SUBSTITUTE(SUBSTITUTE(SUBSTITUTE(TRIM(UPPER(Lista_odbiorców!E25)),"""",),"„",),"”",),";",)) | E12: =IF(Lista_odbiorców!F25="","",SUBSTITUTE(SUBSTITUTE(SUBSTITUTE(SUBSTITUTE(TRIM(UPPER(Lista_odbiorców!F25)),"""",),"„",),"”",),";",)) | F12: =IF(Lista_odbiorców!G25="","",Lista_odbiorców!G25) | G12: =IF(Lista_odbiorców!I25="","",SUBSTITUTE(SUBSTITUTE(SUBSTITUTE(SUBSTITUTE(Lista_odbiorców!I25,"""",),"„",),"”",),";",)) | H12: =IF(Lista_odbiorców!P25="","",SUBSTITUTE(UPPER(Lista_odbiorców!P25),"EUR, VAT W PLN","EUR",1)) | I12: =IF(Lista_odbiorców!J25="","",Lista_odbiorców!J25) | J12: =IF(Lista_odbiorców!K25="","",Lista_odbiorców!K25) | K12: =IF(Lista_odbiorców!L25="","",Lista_odbiorców!L25) | L12: =IF(Lista_odbiorców!B25="","",0) | M12: =IF(Lista_odbiorców!M25="","",Lista_odbiorców!M25) | N12: =IF(Lista_odbiorców!Q25="","",Lista_odbiorców!Q25) | O12: =IF(Lista_odbiorców!S25="","",Lista_odbiorców!S25) | P12: =IF(Lista_odbiorców!T25="","",Lista_odbiorców!T25) | Q12: =IF(Lista_odbiorców!U25="","",Lista_odbiorców!U25) | R12: =IF(Lista_odbiorców!V25="","",Lista_odbiorców!V25) | S12: =IF(Lista_odbiorców!B25="","","nie") | T12: =IF(Lista_odbiorców!N25="","",Lista_odbiorców!N25) | U12: =IF(Lista_odbiorców!R25="","",VLOOKUP(Lista_odbiorców!R25,limnewold,2,FALSE))
... A313: =IF(Lista_odbiorców!B326="","",SUBSTITUTE(SUBSTITUTE(SUBSTITUTE(SUBSTITUTE(SUBSTITUTE(SUBSTITUTE(UPPER(Lista_odbiorców!B326),"""",),"„",),"”",),";",)," ",),"-",)) | B313: =IF(Lista_odbiorców!C326="","",SUBSTITUTE(SUBSTITUTE(SUBSTITUTE(SUBSTITUTE(TRIM(UPPER(Lista_odbiorców!C326)),"""",),"„",),"”",),";",)) | C313: =IF(Lista_odbiorców!D326="","",SUBSTITUTE(SUBSTITUTE(SUBSTITUTE(SUBSTITUTE(TRIM(UPPER(Lista_odbiorców!D326)),"""",),"„",),"”",),";",)) | D313: =IF(Lista_odbiorców!E326="","",SUBSTITUTE(SUBSTITUTE(SUBSTITUTE(SUBSTITUTE(TRIM(UPPER(Lista_odbiorców!E326)),"""",),"„",),"”",),";",)) | E313: =IF(Lista_odbiorców!F326="","",SUBSTITUTE(SUBSTITUTE(SUBSTITUTE(SUBSTITUTE(TRIM(UPPER(Lista_odbiorców!F326)),"""",),"„",),"”",),";",)) | F313: =IF(Lista_odbiorców!G326="","",Lista_odbiorców!G326) | G313: =IF(Lista_odbiorców!I326="","",SUBSTITUTE(SUBSTITUTE(SUBSTITUTE(SUBSTITUTE(Lista_odbiorców!I326,"""",),"„",),"”",),";",)) | H313: =IF(Lista_odbiorców!P326="","",SUBSTITUTE(UPPER(Lista_odbiorców!P326),"EUR, VAT W PLN","EUR",1)) | I313: =IF(Lista_odbiorców!J326="","",Lista_odbiorców!J326) | J313: =IF(Lista_odbiorców!K326="","",Lista_odbiorców!K326) | K313: =IF(Lista_odbiorców!L326="","",Lista_odbiorców!L326) | L313: =IF(Lista_odbiorców!B326="","",0) | M313: =IF(Lista_odbiorców!M326="","",Lista_odbiorców!M326) | N313: =IF(Lista_odbiorców!Q326="","",Lista_odbiorców!Q326) | O313: =IF(Lista_odbiorców!S326="","",Lista_odbiorców!S326) | P313: =IF(Lista_odbiorców!T326="","",Lista_odbiorców!T326) | Q313: =IF(Lista_odbiorców!U326="","",Lista_odbiorców!U326) | R313: =IF(Lista_odbiorców!V326="","",Lista_odbiorców!V326) | S313: =IF(Lista_odbiorców!B326="","","nie") | T313: =IF(Lista_odbiorców!N326="","",Lista_odbiorców!N326) | U313: =IF(Lista_odbiorców!R326="","",VLOOKUP(Lista_odbiorców!R326,limnewold,2,FALSE))
